 Dungeon Crawl Stone Soup version 0.31.0-32-g396128a36d (webtiles) character file.

Game seed: 16435955202216625384

658 gamers12 the Covered (level 7, -6/60 HPs)
             Began as a Minotaur Fighter on Apr 11, 2024.
             Was a Follower of Sif Muna.
             Mangled by a human
             ... wielding a +2 heavy hand axe
              (16 damage)
             ... in a bailey.
             The game lasted 00:11:26 (1489 turns).

gamers12 the Covered (Minotaur Fighter)             Turns: 1489, Time: 00:11:26

Health: -6/60      AC: 11    Str: 28    XL:     7   Next: 30%
Magic:  6/6        EV:  9    Int:  8    God:    Sif Muna [*.....]
Gold:   63         SH:  4    Dex:  5    Spells: 6/7 levels left

rFire   + . .        n - +6 long sword of Enny {drain, rN+ rCorr Str+4}
rCold   x . .        c - +0 buckler
rNeg    + . .        p - +0 chain mail
rPois   .            (helmet restricted)
rElec   .            (no cloak)
rCorr   +            i - +0 pair of gloves
SInv    .            (no boots)
Will    .....        (no amulet) Stlth
                     r - ring "Kugo" {Fire Str+2 Int+3 Dex-5 Stlth+}
HPRegen 0.30/turn    (no ring)
MPRegen 0.10/turn

%: no passive effects
@: no status effects
A: horns 2, retaliatory headbutt
a: Renounce Religion, Channel Magic


You were in a bailey.
You worshipped Sif Muna.
Sif Muna was aware of your devotion.
You visited 1 branch of the dungeon, and saw 7 of its levels.
You also visited: Bailey.

You collected 63 gold pieces.

Inventory:

Hand Weapons
 n - the +6 long sword of Enny (weapon) {drain, rN+ rCorr Str+4}
   (You found it on level 3 of the Dungeon)

   Str+4:     It affects your strength (+4).
   rN+:       It protects you from negative energy.
   rCorr:     It protects you from acid and corrosion.
Missiles
 l - 13 poisoned darts (quivered)
 o - 28 stones
Armour
 c - a +0 buckler (worn)
 i - a +0 pair of gloves (worn)
 p - a +0 chain mail (worn)
Jewellery
 r - the ring "Kugo" (left hand) {Fire Str+2 Int+3 Dex-5 Stlth+}
   (You found it on level 6 of the Dungeon)

   [ring of fire]

   Fire:      It enhances your fire magic.
   Str+2:     It affects your strength (+2).
   Int+3:     It affects your intelligence (+3).
   Dex-5:     It affects your dexterity (-5).
   rF+:       It protects you from fire.
   rC-:       It makes you vulnerable to cold.
   Stlth+:    It makes you more stealthy.
Talismans
 g - a talisman of death
Scrolls
 b - a scroll of poison {unknown}
 e - a scroll of teleportation {unknown}
 h - 3 scrolls of identify {unknown}
 k - 2 scrolls of blinking {unknown}
Potions
 a - 2 potions of attraction {unknown}
 d - a potion of might
 f - 2 potions of curing {unknown}
 j - 2 potions of mutation {unknown}
 m - 2 potions of haste {unknown}
 q - a potion of brilliance {unknown}


   Skills:
 + Level 4.9 Fighting
 * Level 3.8 Long Blades
 - Level 3.7 Maces & Flails
 * Level 1.4 Throwing
 + Level 5.4 Armour
 * Level 2.5 Dodging
 * Level 2.3 Stealth
 + Level 4.6 Shields
 * Level 0.5 Spellcasting


You had 6 spell levels left.
You knew the following spells:

 Your Spells              Type           Power      Damage    Failure   Level
a - Freeze                Ice            0%         1d3       90%         1

Your spell library contained the following spells:

 Spells                   Type           Power      Damage    Failure   Level
 Frozen Ramparts          Ice            0%         1d1       99%         3
 Hailstorm                Conj/Ice       0%         3d5       99%         3


Dungeon Overview and Level Annotations

Branches:
Dungeon (7/15)             Bailey (1/1)
 Temple: D:4-7

Altars:
Cheibriados
Sif Muna
Wu Jian


Innate Abilities, Weirdness & Mutations

You have a pair of horns on your head.
You reflexively headbutt those who attack you in melee.


Message History

You closely miss the human. The human barely misses you.
The human hits you with a +0 heavy hand axe.
You barely miss the human.
The human hits you with a +2 heavy hand axe!
You hit the human. You drain the human.
The human is moderately wounded.
The human hits you with a +0 heavy hand axe!
The human hits you with a +2 heavy hand axe.
You closely miss the human.
You headbutt the human, but do no damage.
The human is moderately wounded.
The human barely misses you.
There is an open door here.
The human attacks as it pursues you! The human hits you with a +0 war axe.
* * * LOW HITPOINT WARNING * * *
The human attacks as it pursues you! The human barely misses you.
Things that are here:
a +0 war axe; a +0 leather armour; a goblin corpse
Items here: ))) [[[ †.
You fail to use your ability.
The human barely misses you. The human barely misses you.
You furiously retaliate!
You headbutt the human.
There is an open door here.
You enter the shallow water.
Moving in this stuff is going to be slow.
The human splashes around in the water.
The human barely misses you. You furiously retaliate!
You headbutt the human. The human attacks as it pursues you!
The human hits you with a +0 war axe.
* * * LOW HITPOINT WARNING * * *
The human attacks as it pursues you!
The human splashes around in the water.
There is an open door here.
You see here a bullfrog corpse.
The human attacks as it pursues you! The human hits you with a +0 war axe.
* * * LOW HITPOINT WARNING * * *
The human seems less drained.
The human attacks as it pursues you! The human hits you with a +0 war axe.
* * * LOW HITPOINT WARNING * * *
You block the human's attack. The human hits you but does no damage.
The human attacks as it pursues you!
The human hits you with a +2 heavy hand axe!
You die...

.. ######...
#.......#####
#......##...##
##g#p...+.p@..#
###.p######.p...#
###....##~gp†..∩..#
#.....)#~~g~##...##
##....)'~~~~~#####
##....#~~~~~#
##...##~~~##
##########


You could see 3 humans, a gnoll and a goblin.

Vanquished Creatures
  An ogre (D:6)
  A bullfrog (Bailey)
  2 scorpions
  A hound (D:5)
  A sleepcap (D:5)
  3 iguanas
  2 orc wizards
  Natasha (thrice) (D:3)
  2 gnolls
  6 adders
  A white imp (D:6)
  10 orcs
  2 bats (D:1)
  An endoplasm (D:2)
  A giant cockroach (D:1)
  5 goblins
  6 hobgoblins
  A quokka (D:1)
  4 ball pythons
  2 frilled lizards
  6 kobolds
  2 rats
63 creatures vanquished.

Notes
Turn   | Place    | Note
-------+----------+-------------------------------------------
     0 | D:1      | gamers12 the Minotaur Fighter began the quest for the Orb.
     0 | D:1      | Reached XP level 1. HP: 19/19 MP: 0/0
   150 | D:1      | Reached XP level 2. HP: 27/27 MP: 1/1
   276 | D:2      | Reached skill level 4 in Armour
   285 | D:2      | Reached XP level 3. HP: 26/33 MP: 2/2
   470 | D:3      | Noticed Natasha
   475 | D:3      | Killed Natasha
   476 | D:3      | Reached skill level 1 in Dodging
   476 | D:3      | Reached skill level 1 in Stealth
   476 | D:3      | Reached XP level 4. HP: 31/40 MP: 3/3
   542 | D:3      | Noticed Natasha
   548 | D:3      | Killed Natasha
   576 | D:3      | Found a shimmering blue altar of Sif Muna.
   584 | D:3      | Identified the +6 long sword of Enny {drain, rN+ rCorr
                  | Str+4}
   585 | D:3      | Noticed Natasha
   590 | D:3      | Killed Natasha
   591 | D:3      | Reached XP level 5. HP: 46/46 MP: 4/4
   593 | D:3      | Found a snail-covered altar of Cheibriados.
   596 | D:3      | Found an ornate altar of the Wu Jian Council.
   613 | D:3      | Became a worshipper of Sif Muna the Loreminder
   883 | D:5      | Entered Level 5 of the Dungeon
   948 | D:5      | Reached skill level 1 in Long Blades
   948 | D:5      | Reached skill level 5 in Armour
   948 | D:5      | Reached XP level 6. HP: 45/53 MP: 5/5
  1185 | D:5      | Learned a level 1 spell: Freeze
  1284 | D:6      | Reached skill level 1 in Throwing
  1303 | D:6      | Reached XP level 7. HP: 36/60 MP: 6/6
  1307 | D:6      | Reached * piety under Sif Muna
  1383 | D:6      | Identified the ring "Kugo" {Fire Str+2 Int+3 Dex-5 Stlth+}
  1408 | D:7      | Found a flagged portal.
  1430 | Bailey   | Entered a bailey
  1464 | Bailey   | Noticed a human
  1464 | Bailey   | Noticed a human
  1464 | Bailey   | Noticed a human
  1489 | Bailey   | Mangled by a human

Illustrated notes

Levels and vault maps discovered:
D:1:      lemuel_arrival_behind_the_door_large, layout_loops_cross,
          hangedman_abyss_or_decor_stabs, hangedman_decor_push
D:2:      layout_basic, serial_shops, nicolae_shop_gibbet_a_chance, basic_altar
D:3:      layout_rooms, riverfiend_overflow_shadow_ancestor,
          gammafunk_temple_overflow_claw, nicolae_houndstooth_variations,
          uniq_sigmund, uniq_natasha, uniq_terence
D:4:      layout_loops_cross, serial_shops, shop
D:5:      corexii_shack_village, layout_cave_pools,
          chequers_serial_rivers_marsh, minmay_diced_spiral
D:6:      layout_cave_pools, nicolae_elyvilon_peaceful_grove,
          lemuel_flame_loot_1
D:7:      minmay_the_grid_octo_triangle [minmay_the_grid_octo_thin_diamonds,
          minmay_the_grid_octo_prize_star, minmay_the_grid_octo_fan_narrow],
          layout_gridville, mainiacjoe_overflow_concentric_impassable,
          kennysheep_mini, marbit_many_paths,
          minmay_temple_entry_statues_pillars, enter_bailey_1,
          kennysheep_generic_room_6
Bailey:   bailey_axe_froggy_fort_hellmonk, bailey

Skill      XL: |  1  2  3  4  5  6 |
---------------+-------------------+-----
Armour         | 4 5 |  5.4
Fighting       | 4 |  4.9
Shields        | 4 |  4.6
Maces & Flails | 3 |  3.7
Dodging        | 1 2 |  2.5
Stealth        | 1 2 |  2.3
Long Blades    | 1 3 |  3.8
Throwing       | 1 |  1.4
Spellcasting   | |  0.5

Action                     |  1- 3 |  4- 6 |  7- 9 || total
---------------------------+-------+-------+-------++-------
  Melee: Flail             |    53 |     6 |       ||    59
         Headbutt          |     7 |     6 |     3 ||    16
         Long sword        |       |    58 |    27 ||    85
  Throw: Dart              |       |     1 |       ||     1
 Armour: Scale mail        |    53 |    43 |       ||    96
         Chain mail        |       |    34 |    36 ||    70
  Dodge: Dodged            |    26 |    34 |    13 ||    73
  Block: Buckler           |    17 |    25 |     6 ||    48
